 Dungeon Crawl Stone Soup version 0.30.1-4-g462c640d31 (webtiles) character file.

Game seed: 3112210592613306761

89 arthad the Trooper (level 4, -1/35 HPs)
             Began as a Human Cinder Acolyte on Aug 26, 2023.
             Was a High Priest of Ignis.
             Slain by an orc
             ... wielding a +0 club
              (5 damage)
             ... on level 3 of the Dungeon.
             The game lasted 00:03:36 (2482 turns).

arthad the Trooper (Human Cinder Acolyte)           Turns: 2482, Time: 00:03:36

Health: -1/35      AC:  3    Str: 17    XL:     4   Next: 84%
Magic:  6/6        EV: 11    Int: 14    God:    Ignis [*****.]
Gold:   117        SH:  0    Dex:  8    Spells: 6/6 levels left

rFire   + . .        a - -1 hand axe (flame)
rCold   . . .        (no shield)
rNeg    . . .        b - +0 robe
rPois   .            (no helmet)
rElec   .            (no cloak)
rCorr   .            c - +0 pair of gloves
SInv    .            (no boots)
Will    .....        (no amulet)
Stlth   +            (no ring)
HPRegen 0.25/turn    (no ring)
MPRegen 0.10/turn

%: no passive effects
@: invisible
A: no striking features
a: Renounce Religion, Fiery Armour, Foxfire Swarm, Rising Flame


You were on level 3 of the Dungeon.
You worshipped Ignis.
Ignis was extremely pleased with you.
You visited 1 branch of the dungeon, and saw 3 of its levels.

You collected 117 gold pieces.

Inventory:

Hand Weapons
 a - a -1 hand axe of flaming (weapon)
Missiles
 p - 3 atropa-tipped darts (quivered)
Armour
 b - a +0 robe (worn)
 c - a +0 pair of gloves (worn)
Magical Staves
 m - a staff of fire
 o - a staff of death
Jewellery
 n - a ring of willpower
Scrolls
 f - a scroll of enchant weapon {unknown}
 g - a scroll of teleportation {unknown}
 h - 2 scrolls of identify {unknown}
 j - a scroll of immolation {unknown}
 k - a scroll of enchant armour {unknown}
 l - a scroll of poison {unknown}


   Skills:
 * Level 3.5 Fighting
 * Level 3.4 Axes
 + Level 1.1 Armour
 + Level 1.0 Dodging
 * Level 1.9 Spellcasting
 * Level 3.3 Fire Magic


You had 6 spell levels left.
You didn't know any spells.
Your spell library contained the following spells:

 Spells                   Type           Power      Damage    Failure   Level
 Scorch                   Fire           20%        2d5       9%          2


Dungeon Overview and Level Annotations

Branches:
Dungeon (3/15)

Altars:
Ashenzari


Message History

The orc is almost dead.
You hit the orc. You burn the orc. The orc hits you with a +0 club.
The orc barely misses you.
You closely miss the orc.
The orc is almost dead.
You barely miss the orc.
An orc comes into view. It is wielding a +0 hand axe.
The orc hits you but does no damage. The orc hits you with a +0 club.
You hit the orc but do no damage.
The orc is almost dead.
You barely miss the orc. The orc hits you with a +0 club.
* * * LOW HITPOINT WARNING * * *
The orc hits you but does no damage.
You strike the helpless orc from behind!
You hit the orc. You burn the orc.
You kill the orc!
You barely miss the orc. The orc misses you.
You hit the orc. You burn the orc.
The orc is almost dead.
The orc barely misses you.
You hit the orc but do no damage.
The orc is almost dead.
You strike the helpless orc from behind!
You hit the orc but do no damage. The orc hits you but does no damage.
The orc closely misses you.
You hit the orc but do no damage.
The orc is almost dead.
You barely miss the orc. The orc hits you with a +0 hand axe.
* * * LOW HITPOINT WARNING * * *
The orc barely misses you. The orc closely misses you.
The orc barely misses you.
You catch the helpless orc completely off-guard!
You hit the orc. You burn the orc.
You kill the orc!
You barely miss the orc. The orc hits you with a +0 club.
* * * LOW HITPOINT WARNING * * *
You closely miss the orc.
The orc is almost dead.
The orc hits you with a +0 club.
You die...

#.#.## #.####.# #. #.#.#
#.### #.. #.# #.#.. #.#
#.# .. #.#.### #.# #.#
.# #...... #.# #.# #
###.### #.#########.##
#.# #............# .. #
###########..#####.#....
#.....@)...#
##.....o.#...# #########
#


You could see an orc (unable to see you).

Vanquished Creatures
  2 adders (D:2)
  A worm (D:2)
  2 dart slugs
  3 orcs (D:3)
  6 endoplasms
  3 giant cockroaches (D:1)
  4 goblins (D:2)
  9 hobgoblins
  2 jackals (D:1)
  5 kobolds
  2 quokkas
  4 ball pythons
  3 bats
  2 frilled lizards
  10 rats
58 creatures vanquished.

Notes
Turn   | Place    | Note
-------+----------+-------------------------------------------
     0 | D:1      | arthad the Human Cinder Acolyte began the quest for the
                  | Orb.
     0 | D:1      | Reached XP level 1. HP: 18/18 MP: 2/2
   155 | D:1      | Reached XP level 2. HP: 24/24 MP: 3/3
   447 | D:1      | Reached XP level 3. HP: 21/29 MP: 5/5
   581 | D:1      | Found a faded altar of an unknown god.
  1193 | D:2      | Reached skill level 1 in Armour
  1196 | D:2      | Reached XP level 4. HP: 23/35 MP: 6/6
  1544 | D:2      | Found a broken altar of Ashenzari.
  2459 | D:3      | Reached skill level 1 in Dodging
  2482 | D:3      | Slain by an orc

Illustrated notes

Levels and vault maps discovered:
D:1:      dpeg_arrival_solitude, layout_loops_corners,
          shapermc_ecumenical_altar_mp_vishouse
D:2:      layout_basic, basic_altar
D:3:      layout_loops_ring, lightli_temple_of_fire,
          nemelex_xobeh_ov_fountains_minmay

Skill      XL: |  1  2  3  4 |
---------------+-------------+-----
Armour         | 1 |  1.1
Dodging        | 1 |  1.0
Fighting       | |  3.5
Axes           | |  3.4
Spellcasting   | |  1.9
Fire Magic     | |  3.3

Action                     |  1- 3 |  4- 6 || total
---------------------------+-------+-------++-------
  Melee: Hand axe          |   110 |    87 ||   197
         Punch             |     1 |     2 ||     3
    Use: Potion            |       |     3 ||     3
   Stab: Invisible         |       |     5 ||     5
 Armour: Robe              |    28 |    14 ||    42
  Dodge: Dodged            |    64 |    48 ||   112
